 Dungeon Crawl Stone Soup version 0.27-a0-1278-g6cbc8dfb29 (webtiles) character file.

Game seed: 12370429247259594617

1872 deletemesenpai the Cleaver (level 9, -1/74 HPs)
             Began as a Hill Orc Fighter on June 12, 2021.
             Killed from afar by a gargoyle (7 damage)
             ... with a stone arrow
             ... on level 5 of the Dungeon.
             The game lasted 00:19:32 (6360 turns).

deletemesenpai the Cleaver (Hill Orc Fighter)       Turns: 6360, Time: 00:19:33

Health: -1/74      AC: 13    Str: 25    XL:     9   Next: 14%
Magic:  9/9        EV:  4    Int:  8    God:
Gold:   65         SH: 17    Dex: 16    Spells: 8/8 levels left

rFire    + . .     SeeInvis .   b - +2 mace (protect)
rCold    . . .     Faith    .   u - +0 tower shield {rF+}
rNeg     . . .     Spirit   .   q - +0 chain mail
rPois    .         Reflect  .   (no helmet)
rElec    .         Harm     .   n - +0 cloak
rCorr    .         Rampage  .   v - +0 pair of gloves {Str+3}
Will     .....                  o - +0 pair of boots
Stlth    ..........             (no amulet)
HPRegen  0.22/turn              s - +6 ring of dexterity
MPRegen  0.11/turn              (no ring)

@: no status effects
A: no striking features
a: no special abilities


You were on level 5 of the Dungeon.
You visited 1 branch of the dungeon, and saw 6 of its levels.

You collected 254 gold pieces.
You spent 189 gold pieces at shops.

Inventory:

Hand Weapons
 a - a +0 war axe
 b - a +2 mace of protection (weapon)
 r - a +2 whip of flaming
Missiles
 f - 54 poisoned darts (quivered)
 t - 2 atropa-tipped darts
Armour
 n - a +0 cloak (worn)
 o - a +0 pair of boots (worn)
 q - a +0 chain mail (worn)
 u - a +0 tower shield of fire resistance (worn)
 v - a +0 pair of gloves of strength (worn)
Jewellery
 s - a +6 ring of dexterity (left hand)
Wands
 p - a wand of charming (6)
Scrolls
 h - a scroll of amnesia
 k - a scroll of identify
 m - 2 scrolls of fear {unknown}
Potions
 c - a potion of berserk rage {unknown}
 d - a potion of magic {unknown}
 e - 2 potions of curing {unknown}
 g - 2 potions of brilliance
 i - 2 potions of attraction
 l - a potion of flight {unknown}
 x - 2 potions of lignification


   Skills:
 + Level 5.5 Fighting
 * Level 10.0(10.4) Axes
 + Level 3.9(6.6) Maces & Flails
 + Level 1.2 Throwing
 + Level 5.7 Armour
 + Level 6.8 Shields


You had 8 spell levels left.
You didn't know any spells.
Your spell library contained the following spells:

 Spells                   Type           Power      Damage    Failure   Level
 Foxfire                  Conj/Fire      0%         2x1d4     100%        1
 Conjure Flame            Conj/Fire      0%         6-21      100%        3
 Inner Flame              Hex/Fire       0%         N/A       100%        3
 Sticky Flame             Conj/Fire      0%         2d3       100%        4
 Fireball                 Conj/Fire      0%         3d3       100%        5


Dungeon Overview and Level Annotations

Branches:
Dungeon (6/15)             Temple (0/1) D:4

Altars:
Cheibriados
Zin

Shops:
D:1 (   D:3 (?*   D:4 (*?


Message History

The gargoyle hits you but does no damage.
The gargoyle hurls a stone arrow at you.
You block the stone arrow.
There is a stone staircase leading up here.
You block the gargoyle's attack.
You climb upwards.
There is a stone staircase leading down here.
You hit the gargoyle.
Your weapon exudes an aura of protection.
The gargoyle is severely damaged.
The gargoyle hits you but does no damage.
You hit the gargoyle but do no damage.
The gargoyle is severely damaged.
The gargoyle hurls a stone arrow at you.
You block the stone arrow.
You hit the gargoyle but do no damage.
The gargoyle is severely damaged.
The gargoyle hurls a stone arrow at you.
The stone arrow misses you. You block the gargoyle's attack.
Your shield and chain mail prevent you from hitting the gargoyle.
The gargoyle is severely damaged.
You block the gargoyle's attack.
You hit the gargoyle but do no damage.
The gargoyle is severely damaged.
The gargoyle hits you with a +0 mace!!
* * * LOW HITPOINT WARNING * * *
The gargoyle hurls a stone arrow at you.
The stone arrow hits you!
* * * LOW HITPOINT WARNING * * *
You can't go up here!
You block the gargoyle's attack.
You climb downwards.
There is a stone staircase leading up here.
The gargoyle hurls a stone arrow at you.
The stone arrow hits you!
* * * LOW HITPOINT WARNING * * *
There is a stone staircase leading up here.
The gargoyle hurls a stone arrow at you.
The stone arrow hits you!
You die...

#.....####.##.# #.######
#######.....#.###.K.555#
#.......#.#######5#
##9.....###.######.#
##.#......#......##5#
#########.##.....#.#####.##5#
#....)..9#####.....# #.##..
#.#######.###..###.# #.####
###)# ##.#..@# #.# ###.# ..))#
##9#[.# #.###.#.###### ###)####
####..###.##.#..##.... .......#
##..##.......#......###
#.####.####8..8#.###.##.....###
....##.##........# #.#.......##
# .....#.##...>....#
#.[....(...###
.....#.##.#8..8#.#
#.............
._.....##.##9.##.#
#........(.###


You could see a gargoyle.

Vanquished Creatures
  Pikel (D:5)
  A wraith (D:6)
  A vampire mosquito (D:5)
  Duvessa (D:4)
  An ogre (D:4)
  Blork the orc (D:6)
  A bullfrog (D:6)
  A water moccasin zombie (D:5)
  Dowan (D:4)
  2 scorpions
  A water moccasin skeleton (D:5)
  A bullfrog zombie (D:5)
  2 hounds
  3 bullfrog skeletons
  2 jellies (D:6)
  A gnoll shaman (D:5)
  An iguana (D:4)
  A hound skeleton (D:5)
  A howler monkey skeleton (D:5)
  A howler monkey zombie (D:6)
  9 adders
  4 gnolls (D:5)
  2 ufetubi
  A worm (D:4)
  6 dart slugs
  7 orcs
  6 endoplasms
  3 giant cockroaches
  8 hobgoblins
  7 jackals
  3 quokkas
  6 ball pythons
  5 bats
  4 frilled lizards
  5 goblins
  6 kobolds
  6 rats
113 creatures vanquished.

Notes
Turn   | Place    | Note
-------+----------+-------------------------------------------
     0 | D:1      | deletemesenpai the Hill Orc Fighter began the quest for the
                  | Orb.
     0 | D:1      | Reached XP level 1. HP: 19/19 MP: 1/1
   348 | D:1      | Found Zaiviofo's Weapon Boutique.
   423 | D:1      | Reached skill level 3 in Axes
   423 | D:1      | Reached XP level 2. HP: 27/27 MP: 2/2
   732 | D:1      | Reached XP level 3. HP: 33/33 MP: 3/3
  1556 | D:2      | Reached skill level 4 in Axes
  1770 | D:2      | Reached XP level 4. HP: 39/40 MP: 4/4
  2091 | D:2      | Found a faded altar of an unknown god.
  2198 | D:3      | Found Duzicsaxt's Antique Weapon Emporium.
  2227 | D:3      | Found Uvengomy's Magic Scroll Shoppe.
  2253 | D:3      | Bought a scroll of identify for 28 gold pieces
  2314 | D:3      | Reached skill level 5 in Axes
  2314 | D:3      | Reached XP level 5. HP: 45/46 MP: 5/5
  2586 | D:3      | Found Gynev's General Store.
  2697 | D:4      | Found Biawk's General Store.
  2704 | D:4      | Noticed Dowan
  2704 | D:4      | Noticed Duvessa
  2722 | D:4      | Killed Duvessa
  2723 | D:4      | Reached skill level 6 in Axes
  2723 | D:4      | Reached XP level 6. HP: 27/52 MP: 6/6
  2741 | D:4      | Killed Dowan
  3028 | D:4      | Found a staircase to the Ecumenical Temple.
  3299 | D:4      | Found a snail-covered altar of Cheibriados.
  3434 | D:4      | Found Weeckouwn's Magic Scroll Shoppe.
  3665 | D:4      | Reached skill level 1 in Maces & Flails
  3665 | D:4      | Reached XP level 7. HP: 60/60 MP: 7/7
  3758 | D:4      | Found Essaidenk's Antique Weapon Shoppe.
  3796 | D:4      | Bought a +0 pair of gloves of strength for 161 gold pieces
  3840 | D:5      | Entered Level 5 of the Dungeon
  4016 | D:5      | Reached skill level 7 in Axes
  4016 | D:5      | Reached skill level 5 in Shields
  4188 | D:5      | Noticed Pikel
  4472 | D:5      | Killed Pikel
  4473 | D:5      | Reached skill level 5 in Fighting
  4473 | D:5      | Reached skill level 8 in Axes
  4473 | D:5      | Reached skill level 5 in Armour
  4473 | D:5      | Reached XP level 8. HP: 60/68 MP: 8/8
  4637 | D:5      | Found a glowing silver altar of Zin.
  5022 | D:5      | Noticed a gargoyle
  5139 | D:4      | HP: 3/68 [ogre (23)]
  5141 | D:4      | Reached skill level 9 in Axes
  5548 | D:6      | Noticed Blork the orc
  5557 | D:6      | Killed Blork the orc
  5773 | D:6      | Noticed a wraith
  5799 | D:6      | Killed a wraith
  5800 | D:6      | Reached skill level 1 in Throwing
  5800 | D:6      | Reached XP level 9. HP: 64/74 MP: 9/9
  5956 | D:6      | HP: 3/74 [centaur (3)]
  5967 | D:6      | HP: 3/74 [vampire mosquito (2)]
  5978 | D:5      | Reached skill level 10 in Axes
  5982 | D:5      | HP: 2/74 [gargoyle/stone arrow (4)]
  6349 | D:5      | HP: 3/74 [gargoyle/stone arrow (7)]
  6360 | D:5      | Killed from afar by a gargoyle

Illustrated notes

Levels and vault maps discovered:
D:1:      lightli_iron_boxes, layout_basic, serial_shops,
          nicolae_shop_window_shopping
D:2:      layout_basic, hellmonk_ecumenical_altar_leap_of_faith, minmay_unequal
D:3:      layout_rooms, serial_shops, shop, shop, shop,
          kennysheep_generic_room_4
D:4:      layout_basic, cheibrodos_worm_habitat, minmay_temple_entry_nine_rooms,
          serial_shops, shop, nicolae_shop_stone, shop_fountains, uniq_duvessa
D:5:      layout_loops_ring, kennysheep_mini_moat, old_standard_altar,
          st_stairs_6, uniq_pikel
D:6:      layout_gridville, corexii_item_surrounded_by_moat,
          minmay_alternating_orb, uniq_blork_the_orc

Skill      XL: |  1  2  3  4  5  6  7  8  9 |
---------------+----------------------------+-----
Axes           | 3 4 5 6 8 9 10 | 10.0
Fighting       | 4 5 |  5.5
Shields        | 4 5 6 |  6.8
Armour         | 4 5 |  5.7
Maces & Flails | 1 3 |  3.9
Throwing       | 1 |  1.2

Action                   |  1- 3 |  4- 6 |  7- 9 || total
-------------------------+-------+-------+-------++-------
Melee: War axe           |   118 |    49 |    81 ||   248
       Whip              |       |    73 |    51 ||   124
       Mace              |       |       |   104 ||   104
Throw: Dart              |       |    10 |    10 ||    20
  Use: Potion            |       |     1 |     1 ||     2
       Scroll            |       |       |     7 ||     7
Armor: Scale mail        |    74 |    16 |       ||    90
       Chain mail        |       |    50 |   141 ||   191
Dodge: Dodged            |    55 |    29 |    40 ||   124
Block: Kite shield       |    85 |    53 |       ||   138
       Tower shield      |       |    18 |   297 ||   315

Table legend: (Time is in decaauts)
 A = Elapsed time spent in this place.
 B = Non-inter-level travel time spent in this place.
 C = Inter-level travel time spent in this place.
 D = Time resting spent in this place.
 E = Time spent auto-exploring this place.
 F = Levels seen in this place.
 G = Mean time per level.
                   A        B        C        D        E       F      G
               +--------+--------+--------+--------+--------+-----+--------+
         Total |   6570 |   6458 |    112 |   1780 |   2774 |   6 | 1095.0 |
       Dungeon |   6570 |   6458 |    112 |   1780 |   2774 |   6 | 1095.0 |
               +--------+--------+--------+--------+--------+-----+--------+

Top non-repeatable levels by time:
     D:4: 2193 daAuts
     D:1: 1210 daAuts
     D:5: 1122 daAuts
     D:2: 1058 daAuts
     D:3: 515 daAuts
     D:6: 469 daAuts
